 Dungeon Crawl Stone Soup version 0.30.0-10-gfe55d96785 (webtiles) character file.

Game seed: 15373830451998787275

56 monsoonserge the Covered (level 4, 0/40 HPs)
             Began as a Meteoran Fighter on May 15, 2023.
             Succumbed to an adder's poison
             ... on level 2 of the Dungeon.
             The game lasted 00:02:32 (411 turns).

monsoonserge the Covered (Meteoran Fighter)          Turns: 411, Time: 00:02:32

Health: 0/40       AC: 15    Str: 19    XL:     4   Next: 37%
Magic:  5/5        EV:  5    Int:  9    God:
Gold:   77         SH:  5    Dex: 14    Spells: 3/3 levels left

rFire   . . .        a - +0 flail
rCold   . . .        c - +0 buckler
rNeg    . . .        j - +0 plate armour
rPois   .            (no helmet)
rElec   .            (no cloak)
rCorr   .            (no gloves)
SInv    .            (no boots)
Will    .....        (no amulet) Stlth
                     f - +4 ring of protection
HPRegen 0.26/turn    (no ring)
MPRegen 0.09/turn

%: no passive effects
@: lethally poisoned (0 -> 0), glowing
A: sense surroundings 1, otherworldly, glowing, explore regen
a: no special abilities


You were on level 2 of the Dungeon.
You visited 1 branch of the dungeon, and saw 2 of its levels.

You collected 77 gold pieces.

Inventory:

Hand Weapons
 a - a +0 flail (weapon)
Missiles
 g - 4 curare-tipped darts (quivered)
Armour
 b - a +0 scale mail
 c - a +0 buckler (worn)
 i - a +0 chain mail
 j - a +0 plate armour (worn)
Jewellery
 f - a +4 ring of protection (left hand)
Wands
 k - a wand of iceblast (10)
Scrolls
 l - a scroll of silence {unknown}
Potions
 d - a potion of might
 e - a potion of heal wounds {unknown}
 h - a potion of magic {unknown}


   Skills:
 + Level 3.7 Fighting
 + Level 3.4 Maces & Flails
 + Level 4.2 Armour
 + Level 1.0 Dodging
 + Level 4.0 Shields
 * Level 0.8 Evocations


You had 3 spell levels left.
You didn't know any spells.
Your spell library was empty.

Dungeon Overview and Level Annotations

Branches:
Dungeon (2/15) Zot: 772

Altars:


Innate Abilities, Weirdness & Mutations

You passively map a small area around you.
You are easily found by Zot.
You glow in the dark.
You regain HP and MP as you explore.


Message History

The gnoll is moderately wounded.
The gnoll hits you with a +0 whip. The gnoll hits you but does no damage.
You hit the gnoll.
The gnoll is severely wounded.
You block the gnoll's attack. The gnoll hits you but does no damage.
You hit the gnoll.
The gnoll is almost dead.
The gnoll hits you but does no damage. The gnoll barely misses you.
You hit the gnoll.
You kill the gnoll!
The gnoll hits you but does no damage. The adder completely misses you.
The gnoll hits you with a +0 whip.
Your Armour skill increases to level 4!
You have reached level 4!
You barely miss the adder. You block the adder's attack.
The gnoll hits you but does no damage. The adder barely misses you.
You closely miss the adder. The gnoll hits you with a +0 whip.
* * * LOW HITPOINT WARNING * * *
The adder bites you but does no damage.
Unknown command.
You barely miss the adder. The adder bites you but does no damage.
The gnoll hits you but does no damage. The adder bites you.
* * * LOW HITPOINT WARNING * * *
You are poisoned.
The adder poisons you! The gnoll hits you but does no damage.
Unknown command.
You closely miss the adder.
You feel sick. You block the adder's attack. You block the gnoll's attack.
You miss the adder.
You feel sick. The adder bites you but does no damage.
You block the adder's attack. The gnoll hits you but does no damage.
You thump the adder!
You kill the adder!
You feel sick. The gnoll hits you but does no damage.
You hit the gnoll.
The gnoll is lightly wounded.
You feel sick. The gnoll closely misses you. The gnoll hits you with a +0 whip.
* * * LOW HITPOINT WARNING * * *
You sock the gnoll!
The gnoll is severely wounded.
You die...

#.# #....#
#.# #..#.#
* , #.#
#...#.# *
#.#*#...#..
#.##..#####
,, #.#...#
* * #....#
####.)..#
#..)@.#.#
#..g).#...,
#...###
##..,* *
#..<, * ..
*#..., , ,
[ .... ,
#.... ,
#.... ,


You could see a gnoll.

Vanquished Creatures
  An adder (D:2)
  3 gnolls (D:2)
  2 ball pythons
  2 bats
  2 endoplasms (D:1)
  2 goblins
  A hobgoblin (D:1)
  A kobold (D:1)
  2 quokkas
  A frilled lizard (D:1)
  2 rats
19 creatures vanquished.

Notes
Turn   | Place    | Note
-------+----------+-------------------------------------------
     0 | D:1      | monsoonserge the Meteoran Fighter began the quest for the
                  | Orb.
     0 | D:1      | Reached XP level 1. HP: 19/19 MP: 2/2
    76 | D:1      | Reached XP level 2. HP: 26/26 MP: 3/3
   346 | D:2      | Reached XP level 3. HP: 31/31 MP: 4/4
   393 | D:2      | Reached skill level 1 in Dodging
   404 | D:2      | Reached XP level 4. HP: 16/40 MP: 5/5
   410 | D:2      | HP: 1/40 [gnoll/+0 whip (6)]
   411 | D:2      | Succumbed to an adder's poison

Illustrated notes

Levels and vault maps discovered:
D:1:      ebering_hopf_link, layout_loops_corners
D:2:      layout_rooms, uniq_crazy_yiuf_cottage

Skill      XL: |  1  2  3 |
---------------+----------+-----
Maces & Flails | 3 |  3.4
Dodging        | 1 |  1.0
Shields        | 4 |  4.0
Armour         | 4 |  4.2
Fighting       | |  3.7
Evocations     | |  0.8

Action                     |  1- 3 |  4- 6 || total
---------------------------+-------+-------++-------
  Melee: Flail             |    54 |     8 ||    62
 Armour: Scale mail        |     8 |       ||     8
         Plate armour      |    19 |     8 ||    27
         Chain mail        |     5 |       ||     5
  Dodge: Dodged            |    20 |     2 ||    22
  Block: Buckler           |    18 |     4 ||    22
